 Dungeon Crawl Stone Soup version 0.26-a0-1147-g3780a7a11b (webtiles) character file.

Game seed: 287389461070699368

0 Dracia the Sneak (level 1, -1/13 HPs)
             Began as a Demonspawn Wanderer on Dec 22, 2020.
             Slain by a goblin
             ... wielding a +0 dagger
              (6 damage)
             ... on level 1 of the Dungeon.
             The game lasted 00:00:40 (75 turns).

Dracia the Sneak (Demonspawn Wanderer)                Turns: 75, Time: 00:00:40

Health: -1/13      AC:  3    Str: 12    XL:     1   Next: 8%
Magic:  2/2        EV: 11    Int: 16    God:
Gold:   16         SH:  0    Dex:  9    Spells: 2/2 levels left

rFire    . . .     SeeInvis .   a - +2 dagger
rCold    . . .     Faith    +   (no shield)
rNeg     . . .     Spirit   .   e - +0 robe
rPois    .         Reflect  .   (no helmet)
rElec    .         Harm     .   (no cloak)
rCorr    .         Rampage  .   (no gloves)
Will     .....                  f - +0 pair of boots
Stlth    ++........             T - amulet of faith {!P!P}
HPRegen  0.04/turn              (no ring)
MPRegen  0.08/turn              (no ring)

@: no status effects
A: no striking features
a: no special abilities


You were on level 1 of the Dungeon.
You visited 1 branch of the dungeon, and saw 1 of its levels.

You collected 16 gold pieces.


   Skills:
 + Level 0.0 Fighting
 - Level 1.0 Throwing
 + Level 0.0 Armour
 + Level 1.0 Dodging
 - Level 3.6 Stealth
 - Level 1.0 Spellcasting
 - Level 1.7 Fire Magic
 - Level 1.0 Evocations


You had 2 spell levels left.
You didn't know any spells.
Your spell library was empty.

Inventory:

Hand Weapons
 a - a +2 dagger (weapon)
Armour
 e - a +0 robe (worn)
 f - a +0 pair of boots (worn)
Jewellery
 T - an amulet of faith (around neck) {!P!P}
Wands
 d - a wand of random effects (15) (quivered)
Scrolls
 b - a scroll of fear
Potions
 c - a potion of curing {@q1@q1}

Dungeon Overview and Level Annotations

Branches:
Dungeon (1/15)

Altars:

#.# #.# ## #.#
.. ... #. #$# #
#. #.#
...###.##.#####
##.........Bg.#
............#@#
##.###.###..###
#. #..### ##
#..#.♣♣♣
#......♣♣
#.......♣♣
#........♣
#........♣♣
♣.........♣♣


You could see a giant cockroach and a goblin.


Message History

A giant cockroach comes into view.
You closely miss the goblin. The goblin hits you but does no damage.
You closely miss the goblin. The goblin hits you with a +0 dagger.
You closely miss the goblin. The giant cockroach closely misses you.
The goblin hits you with a +0 dagger.
The giant cockroach bites you but does no damage.
You don't know any spells.
You don't know any spells.
The giant cockroach closely misses you.
Unknown command.
The giant cockroach barely misses you. The goblin hits you with a +0 dagger.
* * * LOW HITPOINT WARNING * * *
You don't know any spells.
You don't know any spells.
You don't know any spells.
Unknown command.
You don't know any spells.
You hit the goblin but do no damage. The goblin hits you with a +0 dagger.
* * * LOW HITPOINT WARNING * * *
You hit the goblin.
The goblin is heavily wounded.
The goblin hits you but does no damage.
You barely miss the goblin.
The goblin is heavily wounded.
The goblin barely misses you.
You closely miss the goblin.
The goblin is heavily wounded.
The goblin hits you with a +0 dagger.
You die...

Action                   || total
-------------------------++-------
Melee: Dagger            ||    10
Armor: Robe              ||     3
Dodge: Dodged            ||     5

Levels and vault maps discovered:
D:1:      sevenhm_arrival_forest_fort_large_4, layout_loops_ring,
          serial_bayou_pond_b

Notes
Turn   | Place    | Note
-------+----------+-------------------------------------------
     0 | D:1      | Dracia the Demonspawn Wanderer began the quest for the Orb.
     0 | D:1      | Dracia set off with the following items: a +2 dagger, a
                  | scroll of fear, a potion of curing {@q1@q1}, a wand of
                  | random effects (15), a +0 robe
     0 | D:1      | Reached XP level 1. HP: 13/13 MP: 2/2
    75 | D:1      | Slain by a goblin

Vanquished Creatures
  A rat (D:1)
1 creature vanquished.

Table legend: (Time is in decaauts)
 A = Elapsed time spent in this place.
 B = Non-inter-level travel time spent in this place.
 C = Inter-level travel time spent in this place.
 D = Time resting spent in this place.
 E = Time spent auto-exploring this place.
 F = Levels seen in this place.
 G = Mean time per level.
                   A        B        C        D        E       F      G
               +--------+--------+--------+--------+--------+-----+--------+
         Total |     75 |     75 |      0 |      0 |     40 |   1 |   75.0 |
       Dungeon |     75 |     75 |      0 |      0 |     40 |   1 |   75.0 |
               +--------+--------+--------+--------+--------+-----+--------+

Top non-repeatable levels by time:
     D:1: 75 daAuts

Table legend:
 A = Non-vault XP
 B = Vault XP
 C = Vault XP percentage of total XP
 D = Non-vault monster count
 E = Vault monster count
 F = Vault count percentage of total count
                 A         B        C        D         E       F
            +---------+---------+-------+---------+---------+-------
      Total |       1 |       0 |   0.0 |       1 |       0 |   0.0
            +---------+---------+-------+---------+---------+-------
        D:1 |       1 |       0 |   0.0 |       1 |       0 |   0.0
            +---------+---------+-------+---------+---------+-------
